 Dungeon Crawl Stone Soup version 0.17-a0-1481-gfdcec5c (webtiles) character file.

63 mrath the Sneak (level 3, -8/35 HPs)
             Began as a Troll Assassin on July 4, 2015.
             Mangled by Duffy's ghost (20 damage)
             ... on level 3 of the Dungeon.
             The game lasted 00:26:49 (1672 turns).

mrath the Sneak (Troll Assassin)                    Turns: 1672, Time: 00:26:49

Health: -8/35      AC:  7    Str: 19    XL:     3   Next: 89%
Magic:  2/2        EV:  9    Int:  7    God:
Gold:   106        SH:  0    Dex: 12    Spells: 0 memorised, 2 levels left

rFire  . . .     SeeInvis .     p - +2 short sword (flame)
rCold  . . .     Clarity  .     c - +1 robe
rNeg   . . .     SustAt   .     (no shield)
rPois  .         Gourm    +     (helmet restricted)
rElec  .         Spirit   .     d - +0 cloak
rCorr  .         Warding  .     (gloves unavailable)
rMut   .         Stasis   .     (boots unavailable)
MR     .....                    (no amulet)
Stlth  +++.......               (no ring)
                                u - ring of stealth

@: not resistant to hostile enchantments, fairly stealthy
A: unfitting armour, claws 3, fast metabolism 3, gourmand, regeneration 2,
shaggy fur 1, tough skin 2
a: no special abilities


You were on level 3 of the Dungeon.
You were not hungry.

You visited 1 branch of the dungeon, and saw 3 of its levels.

You collected 106 gold pieces.

Inventory:

Hand weapons
 a - a +2 dagger
 b - a +1 blowgun
 p - a +2 short sword of flaming (weapon)
Missiles
 e - 7 poisoned needles
 f - 8 curare-tipped needles
 k - 36 arrows
 m - 48 stones (quivered)
 v - 3 javelins
Armour
 c - a +1 robe (worn)
 d - a +0 cloak (worn)
 r - a +0 cloak
Jewellery
 u - a ring of stealth (left claw)
Scrolls
 i - 3 scrolls of identify
 o - 2 scrolls of teleportation
Potions
 h - a potion of degeneration {unknown}
 j - a potion of brilliance
 l - 2 potions of heal wounds
 n - 2 potions of curing
 t - a potion of poison {unknown}
 z - a potion of resistance {unknown}
Comestibles
 g - a bread ration
 q - 2 fruits
 s - 5 chunks of flesh
 w - a beef jerky
 x - a meat ration


   Skills:
 + Level 1.8 Fighting
 + Level 1.8 Short Blades
 + Level 2.5 Throwing
 + Level 1.2 Dodging
 + Level 2.9 Stealth


You had 2 spell levels left.
You didn't know any spells.

Dungeon Overview and Level Annotations

Branches:
Dungeon (3/15)

Altars:
Dithmenos
Ru

Annotations:
D:3 Duffy's ghost, average OgWr


Innate Abilities, Weirdness & Mutations

You are too large for most types of armour.
You have claws for hands.
Your metabolism is lightning-fast.
You like to eat raw meat.
You heal very quickly.
You are covered in fur (AC +1).
You have very tough skin (AC +2).


Message History

You completely miss Duffy's ghost.
Duffy's ghost is lightly damaged.
Duffy's ghost hits you.
You barely miss Duffy's ghost.
Duffy's ghost is lightly damaged.
Duffy's ghost hits you!
You closely miss Duffy's ghost.
Duffy's ghost is lightly damaged.
Duffy's ghost hits you.
You closely miss Duffy's ghost.
Duffy's ghost is lightly damaged.
Duffy's ghost hits you.
You hit Duffy's ghost. You burn Duffy's ghost.
Duffy's ghost is moderately damaged.
Duffy's ghost misses you.
You hit Duffy's ghost. You burn Duffy's ghost.
Duffy's ghost is heavily damaged.
Duffy's ghost hits you!!
Ouch! That really hurt!
You die...

#. # #.# .# #.# #(##
.##..## #(..$
......## #(....
#.#...###<...#
#.#....#W....#
#..######.#...#@#
#.........##.####
#.######.....#
.#.######.#)###
.........###.#
#########.#.#######.
#...........
#...........
#...########


You could see Duffy's ghost.

Vanquished Creatures
  2 adders
  A worm (D:2)
  A giant gecko (D:2)
  2 bats
  6 goblins
  5 hobgoblins
  8 jackals
  5 giant cockroaches
  3 kobolds (D:1)
  6 rats
39 creatures vanquished.

Notes
Turn   | Place    | Note
--------------------------------------------------------------
     0 | D:1      | mrath the Troll Assassin began the quest for the Orb.
     0 | D:1      | Reached XP level 1. HP: 19/19 MP: 0/0
   125 | D:1      | Reached skill level 1 in Dodging
   176 | D:1      | Reached XP level 2. HP: 27/27 MP: 1/1
   908 | D:2      | Found a sacrificial altar of Ru.
  1053 | D:2      | Reached XP level 3. HP: 29/33 MP: 2/2
  1280 | D:2      | Found a faded altar to an unknown god.
  1294 | D:2      | Found a shadowy altar of Dithmenos.
  1659 | D:3      | Noticed Duffy's ghost (average OgWr)
  1672 | D:3      | Mangled by Duffy's ghost

Vault maps used:
D:1:      lightli_arrival_maybe_door_vault, minmay_misc_feat_cross,
          st_stairs_14, minivault_4, minivault_27, fountainhead,
          kennysheep_crisscross
D:2:      nicolae_overflow_crystal_walls, lemuel_coloured_pillars_altar,
          ecumenical_altar_1, minmay_misc_feat_doors
D:3:      fedhas_altar_fruit_tree

Action                   || total
-------------------------++-------
Melee: Dagger            ||    30
       Short sword       ||    45
 Fire: Blowgun           ||    33
Throw: Stone             ||    11
  Use: Scroll            ||     8
       Potion            ||     2
 Stab: Sleeping          ||    14
  Eat: Chunk             ||     8
       Bread ration      ||     1
